TOP OF THE 1ST |
California Angels batting - Pitching for Minnesota Twins : RHP Isaac Slack
|
Pitching: RHP Isaac Slack
|
|
Batting: LHB Javier Trujillo
|
0-0: Ball 1-0: Ball 2-0: Ball 3-0: Base on Balls
|
Batting: LHB Micah Miller
|
0-0: Ball Javier Trujillo steals 2nd base (no throw) 1-0: Ball 2-0: Called Strike 2-1: Called Strike 2-2: DOUBLE (Line Drive, 89D, EV 106.9 MPH) Javier Trujillo scores
|
Batting: RHB Alain Delhaye
|
0-0: Swinging Strike 0-1: Ball 1-1: Called Strike 1-2: Foul Ball, location: 2F 1-2: Ball 2-2: Ball 3-2: 2-RUN HOME RUN (Flyball, 7D, EV 93.8 MPH), Distance : 366 ft
|
Batting: SHB Aldo Questi
|
0-0: Ball 1-0: Foul Ball, location: 2F 1-1: Fly out, F7 (Line Drive, 7D, EV 92.5 MPH)
|
Batting: RHB Preston Deakyne
|
0-0: Ball 1-0: Ball 2-0: Ground out 5-3 (Groundball, 5, EV 85.6 MPH)
|
Batting: RHB Dietmar Warmisch
|
0-0: Ball 1-0: Ball 2-0: Ball 3-0: Called Strike 3-1: Base on Balls
|
Batting: LHB Jack Bell
|
0-0: Ball 1-0: SINGLE (Groundball, 23, EV 71.9 MPH) (infield hit) Dietmar Warmisch to second
|
Batting: RHB Nick Dunn
|
0-0: Called Strike 0-1: Ball 1-1: Foul Ball, location: 2F 1-2: Ball 2-2: Strikes out looking
|
Top of the 1st over - 3 runs, 3 hits, 0 errors, 2 left on base; California 3 - Minnesota 0 |
BOTTOM OF THE 1ST |
Minnesota Twins batting - Pitching for California Angels : RHP Franz Holzknecht
|
Pitching: RHP Franz Holzknecht
|
|
Batting: RHB Yonetoshi Muranaka
|
0-0: Ball 1-0: SINGLE (Groundball, 4M, EV 104.4 MPH) (infield hit)
|
Batting: LHB Joel Kunkler
|
0-0: Ball 1-0: Called Strike 1-1: Ball 2-1: Called Strike 2-2: Ball 3-2: Base on Balls Yonetoshi Muranaka to second
|
Batting: RHB Jared McClernon
|
0-0: Called Strike 0-1: Ball 1-1: Called Strike 1-2: Grounds into double play, 1-6-3 (Groundball, 34S, EV 75.6 MPH) Yonetoshi Muranaka to third
|
Batting: RHB Jesus Chavez
|
0-0: Ball 1-0: Ball 2-0: DOUBLE (Flyball, 8LXD, EV 110.6 MPH) Yonetoshi Muranaka scores
|
Batting: LHB Kevin Bellman
|
0-0: Called Strike 0-1: Foul Ball, location: 2F 0-2: Ball 1-2: Foul Ball, location: 2F 1-2: Ball 2-2: Ball 3-2: SINGLE (Groundball, 4D, EV 100.0 MPH) Jesus Chavez to third
|
Batting: LHB Sadamu Noguchi
|
0-0: Ball 1-0: Foul Ball, location: 2F 1-1: Fly out, F5 (Popup, 5L, EV 66.2 MPH)
|
Bottom of the 1st over - 1 run, 3 hits, 0 errors, 2 left on base; California 3 - Minnesota 1 |
TOP OF THE 2ND |
California Angels batting - Pitching for Minnesota Twins : RHP Isaac Slack
|
Batting: RHB Danny Odom
|
0-0: Ball 1-0: Ball 2-0: Called Strike 2-1: Foul Ball, location: 2F 2-2: Foul Ball, location: 2F 2-2: Ball 3-2: Strikes out swinging
|
Batting: LHB Javier Trujillo
|
0-0: Called Strike 0-1: Foul Ball, location: 2F 0-2: Foul Ball, location: 2F 0-2: Ball 1-2: Ground out 4-3 (Groundball, 34, EV 92.5 MPH)
|
Batting: LHB Micah Miller
|
0-0: Called Strike 0-1: Ball 1-1: Ball 2-1: Foul Ball, location: 2F 2-2: Strikes out looking
|
Top of the 2nd over - 0 runs, 0 hits, 0 errors, 0 left on base; California 3 - Minnesota 1 |
BOTTOM OF THE 2ND |
Minnesota Twins batting - Pitching for California Angels : RHP Franz Holzknecht
|
Batting: RHB José Molina
|
0-0: Ball 1-0: Swinging Strike 1-1: Called Strike 1-2: Ball 2-2: Ground out 5-3 (Groundball, 5L, EV 101.2 MPH)
|
Batting: RHB Väinö Tapaninen
|
0-0: Ground out 6-3 (Groundball, 56, EV 102.5 MPH)
|
Batting: RHB Josh Zoglmann
|
0-0: Foul Ball, location: 2F 0-1: SINGLE (Line Drive, 89S, EV 103.8 MPH)
|
Batting: RHB Yonetoshi Muranaka
|
0-0: Ball 1-0: Ball 2-0: Ball 3-0: Called Strike 3-1: Fielders Choice at 2nd, 5-4 (Groundball, 5, EV 105.0 MPH)
|
Bottom of the 2nd over - 0 runs, 1 hit, 0 errors, 1 left on base; California 3 - Minnesota 1 |
TOP OF THE 3RD |
California Angels batting - Pitching for Minnesota Twins : RHP Isaac Slack
|
Batting: RHB Alain Delhaye
|
0-0: Ball 1-0: Called Strike 1-1: Foul Ball, location: 2F 1-2: Foul Ball, location: 2F 1-2: Ball 2-2: Ball 3-2: Base on Balls
|
Batting: SHB Aldo Questi
|
0-0: Called Strike 0-1: Ball 1-1: Fly out, F8 (Line Drive, 8RM, EV 94.4 MPH)
|
Batting: RHB Preston Deakyne
|
0-0: Ball 1-0: Foul Ball, location: 2F 1-1: Swinging Strike 1-2: Ball 2-2: Foul Ball, location: 2F 2-2: Foul Ball, location: 2F 2-2: Fly out, F7 (Line Drive, 78M, EV 99.4 MPH)
|
Batting: RHB Dietmar Warmisch
|
0-0: Called Strike 0-1: Called Strike 0-2: Ball 1-2: Ball 2-2: Fly out, F8 (Flyball, 89M, EV 80.6 MPH)
|
Top of the 3rd over - 0 runs, 0 hits, 0 errors, 1 left on base; California 3 - Minnesota 1 |
BOTTOM OF THE 3RD |
Minnesota Twins batting - Pitching for California Angels : RHP Franz Holzknecht
|
Batting: LHB Joel Kunkler
|
0-0: Ball 1-0: Ball 2-0: Swinging Strike 2-1: Foul Ball, location: 2F 2-2: Ground out 4-3 (Groundball, 34D, EV 88.1 MPH)
|
Batting: RHB Jared McClernon
|
0-0: Ball 1-0: Called Strike 1-1: Foul Ball, location: 2F 1-2: Ground out 6-3 (Groundball, 6M, EV 84.4 MPH)
|
Batting: RHB Jesus Chavez
|
0-0: Fly out, F9 (Flyball, 9D, EV 86.9 MPH)
|
Bottom of the 3rd over - 0 runs, 0 hits, 0 errors, 0 left on base; California 3 - Minnesota 1 |
TOP OF THE 4TH |
California Angels batting - Pitching for Minnesota Twins : RHP Isaac Slack
|
Batting: LHB Jack Bell
|
0-0: Called Strike 0-1: Called Strike 0-2: Strikes out swinging
|
Batting: RHB Nick Dunn
|
0-0: Ball 1-0: Ball 2-0: Foul Ball, location: 2F 2-1: Foul Ball, location: 2F 2-2: Fly out, F8 (Flyball, 8RD, EV 93.8 MPH)
|
Batting: RHB Danny Odom
|
0-0: Called Strike 0-1: Swinging Strike 0-2: Ball 1-2: Fly out, F8 (Flyball, 89M, EV 93.1 MPH)
|
Top of the 4th over - 0 runs, 0 hits, 0 errors, 0 left on base; California 3 - Minnesota 1 |
BOTTOM OF THE 4TH |
Minnesota Twins batting - Pitching for California Angels : RHP Franz Holzknecht
|
Batting: LHB Kevin Bellman
|
0-0: Swinging Strike 0-1: Ball 1-1: Ground out 3-1 (Groundball, 34, EV 104.4 MPH)
|
Batting: LHB Sadamu Noguchi
|
0-0: Ball 1-0: Ball 2-0: Called Strike 2-1: Ground out 4-3 (Groundball, 4, EV 80.6 MPH)
|
Batting: RHB José Molina
|
0-0: Swinging Strike 0-1: Called Strike 0-2: Ball 1-2: Ball 2-2: SINGLE (Groundball, 6M, EV 102.5 MPH) (infield hit)
|
Batting: RHB Väinö Tapaninen
|
0-0: Ball 1-0: Ball 2-0: Ball 3-0: Foul Ball, location: 2F 3-1: Called Strike José Molina steals 2nd base 3-2: SINGLE (Line Drive, 3D, EV 94.4 MPH) José Molina to third Runner from 3rd tries for Home, SAFE, throw by RF to home
|
Batting: RHB Josh Zoglmann
|
0-0: Ball 1-0: Ground out 5-3 (Groundball, 56S, EV 91.9 MPH)
|
Bottom of the 4th over - 1 run, 2 hits, 0 errors, 1 left on base; California 3 - Minnesota 2 |
TOP OF THE 5TH |
California Angels batting - Pitching for Minnesota Twins : RHP Isaac Slack
|
Batting: LHB Javier Trujillo
|
0-0: Called Strike 0-1: Ball 1-1: Foul Ball, location: 2F 1-2: Ground out 3-1 (Groundball, 34, EV 81.9 MPH)
|
Batting: LHB Micah Miller
|
0-0: Called Strike 0-1: Ball 1-1: Ball 2-1: Swinging Strike 2-2: Ground out 6-3 (Groundball, 6M, EV 102.5 MPH)
|
Batting: RHB Alain Delhaye
|
0-0: Ball 1-0: SINGLE (Groundball, 56D, EV 109.4 MPH) (infield hit)
|
Batting: SHB Aldo Questi
|
0-0: Called Strike 0-1: Foul Ball, location: 2F 0-2: TRIPLE (Flyball, 89XD, EV 114.4 MPH) Alain Delhaye scores
|
Batting: RHB Preston Deakyne
|
0-0: Swinging Strike 0-1: Ball 1-1: Ball 2-1: Swinging Strike 2-2: Strikes out swinging
|
Top of the 5th over - 1 run, 2 hits, 0 errors, 1 left on base; California 4 - Minnesota 2 |
BOTTOM OF THE 5TH |
Minnesota Twins batting - Pitching for California Angels : RHP Franz Holzknecht
|
Batting: RHB Yonetoshi Muranaka
|
0-0: Called Strike 0-1: Foul Ball, location: 2F 0-2: Ball 1-2: Ground out 5-3 (Groundball, 5, EV 83.8 MPH)
|
Batting: LHB Joel Kunkler
|
0-0: Ball 1-0: Called Strike 1-1: Called Strike 1-2: Ball 2-2: Ball 3-2: Ground out U3 (Groundball, 3, EV 103.1 MPH)
|
Batting: RHB Jared McClernon
|
0-0: Ball 1-0: Ball 2-0: Swinging Strike 2-1: Called Strike 2-2: Foul Ball, location: 2F 2-2: Ball 3-2: TRIPLE (Flyball, 9D, EV 97.5 MPH)
|
Batting: RHB Jesus Chavez
|
0-0: Foul Ball, location: 2F 0-1: Ball 1-1: Foul Ball, location: 2F 1-2: Ball 2-2: Ball 3-2: Foul Ball, location: 2F 3-2: Fly out, F9 (Flyball, 9D, EV 91.2 MPH)
|
Bottom of the 5th over - 0 runs, 1 hit, 0 errors, 1 left on base; California 4 - Minnesota 2 |
TOP OF THE 6TH |
California Angels batting - Pitching for Minnesota Twins : RHP Isaac Slack
|
Pitching: RHP Oscar Zuniga
|
|
Batting: RHB Dietmar Warmisch
|
0-0: Called Strike 0-1: Ground out 6-3 (Groundball, 6, EV 103.1 MPH)
|
Batting: LHB Jack Bell
|
0-0: Called Strike 0-1: Ball 1-1: DOUBLE (Line Drive, 78XD, EV 106.2 MPH)
|
Batting: RHB Nick Dunn
|
0-0: Ball 1-0: Ball 2-0: SINGLE (Line Drive, 6MD, EV 96.9 MPH) Jack Bell to third
|
Batting: RHB Danny Odom
|
0-0: Ball 1-0: Ball 2-0: Ball 3-0: Foul Ball, location: 2F 3-1: Called Strike 3-2: SINGLE (Flyball, 34D, EV 93.1 MPH) Jack Bell scores Nick Dunn to second Nick Dunn to third
|
Batting: LHB Javier Trujillo
|
0-0: Ball 1-0: Called Strike 1-1: Foul Ball, location: 2F 1-2: Ball 2-2: Foul Ball, location: 2F 2-2: Ball 3-2: Fly out, F9 (Flyball, 9S, EV 81.9 MPH)
|
Batting: LHB Micah Miller
|
0-0: Ball 1-0: Fielders Choice at 2nd, 6-4 (Groundball, 6MD, EV 106.9 MPH)
|
Top of the 6th over - 1 run, 3 hits, 0 errors, 2 left on base; California 5 - Minnesota 2 |
BOTTOM OF THE 6TH |
Minnesota Twins batting - Pitching for California Angels : RHP Franz Holzknecht
|
Batting: LHB Kevin Bellman
|
0-0: Foul Ball, location: 2F 0-1: Ball 1-1: Swinging Strike 1-2: Ground out 4-3 (Groundball, 34, EV 111.2 MPH)
|
Batting: LHB Sadamu Noguchi
|
0-0: Ball 1-0: Ball 2-0: Called Strike 2-1: Ball 3-1: Foul Ball, location: 2F 3-2: Foul Ball, location: 2F 3-2: Base on Balls
|
Pitching: RHP Austin Maki
|
|
Batting: RHB José Molina
|
0-0: Called Strike Sadamu Noguchi steals 2nd base (no throw) 0-1: Swinging Strike 0-2: Foul Ball, location: 2F 0-2: Foul Ball, location: 2F 0-2: Fly out, F7 (Flyball, 7LD, EV 98.8 MPH) Runner from 2nd tags up, SAFE at 3rd, no throw by LF
|
Batting: RHB Väinö Tapaninen
|
0-0: Swinging Strike 0-1: Ball 1-1: DOUBLE (Flyball, 78XD, EV 103.8 MPH) Sadamu Noguchi scores
|
Pinch Hitting: LHB Gerardo Flores
|
0-0: Called Strike 0-1: SINGLE (Groundball, 3D, EV 100.6 MPH) Väinö Tapaninen to third Runner from 3rd tries for Home, SAFE, throw by RF to home
|
Batting: RHB Yonetoshi Muranaka
|
0-0: Ball 1-0: Ball 2-0: Swinging Strike 2-1: Foul Ball, location: 2F 2-2: Ball 3-2: Foul Ball, location: 2F 3-2: Foul Ball, location: 2F 3-2: Ground out 6-3 (Groundball, 56, EV 86.9 MPH)
|
Bottom of the 6th over - 2 runs, 2 hits, 0 errors, 1 left on base; California 5 - Minnesota 4 |
TOP OF THE 7TH |
California Angels batting - Pitching for Minnesota Twins : RHP Oscar Zuniga
|
Pitching: RHP Luis Sanchez
|
|
Now at SS: Vinny Luna
|
|
Batting: RHB Alain Delhaye
|
0-0: Fly out, F8 (Flyball, 8RS, EV 75.6 MPH)
|
Batting: SHB Aldo Questi
|
0-0: Called Strike 0-1: Ball 1-1: Called Strike 1-2: Ball 2-2: Ball 3-2: Ground out 4-3 (Groundball, 4, EV 105.0 MPH)
|
Batting: RHB Preston Deakyne
|
0-0: Called Strike 0-1: Swinging Strike 0-2: Strikes out swinging
|
Top of the 7th over - 0 runs, 0 hits, 0 errors, 0 left on base; California 5 - Minnesota 4 |
BOTTOM OF THE 7TH |
Minnesota Twins batting - Pitching for California Angels : RHP Austin Maki
|
Batting: LHB Joel Kunkler
|
0-0: Ball 1-0: Ball 2-0: Fly out, F8 (Line Drive, 8RM, EV 97.5 MPH)
|
Batting: RHB Jared McClernon
|
0-0: Ball 1-0: Foul Ball, location: 2F 1-1: Swinging Strike 1-2: Foul Ball, location: 2F 1-2: Ball 2-2: Strikes out swinging
|
Batting: RHB Jesus Chavez
|
0-0: Swinging Strike 0-1: Ball 1-1: Ball 2-1: Ball 3-1: Base on Balls
|
Batting: LHB Kevin Bellman
|
0-0: Called Strike 0-1: Ground out 4-3 (Groundball, 34, EV 82.5 MPH)
|
Bottom of the 7th over - 0 runs, 0 hits, 0 errors, 1 left on base; California 5 - Minnesota 4 |
TOP OF THE 8TH |
California Angels batting - Pitching for Minnesota Twins : RHP Luis Sanchez
|
Batting: RHB Dietmar Warmisch
|
0-0: Ball 1-0: DOUBLE (Line Drive, 78M, EV 99.4 MPH)
|
Batting: LHB Jack Bell
|
0-0: Ball 1-0: Swinging Strike 1-1: Ball 2-1: Called Strike 2-2: Strikes out looking
|
Batting: RHB Nick Dunn
|
0-0: Ground out 4-3 (Groundball, 4, EV 111.2 MPH) Dietmar Warmisch to third
|
Batting: RHB Danny Odom
|
0-0: Ball 1-0: Foul Ball, location: 2F 1-1: Reached on error, E6 (Groundball, 6, EV 84.4 MPH) Dietmar Warmisch scores
|
Batting: LHB Javier Trujillo
|
0-0: Called Strike Danny Odom steals 2nd base 0-1: Called Strike 0-2: Ball 1-2: Foul Ball, location: 2F 1-2: Fly out, F7 (Flyball, 7, EV 85.0 MPH)
|
Top of the 8th over - 1 run, 1 hit, 1 error, 1 left on base; California 6 - Minnesota 4 |
BOTTOM OF THE 8TH |
Minnesota Twins batting - Pitching for California Angels : RHP Austin Maki
|
Pitching: RHP Barney Pederson
|
|
Batting: LHB Sadamu Noguchi
|
0-0: Ball 1-0: Called Strike 1-1: Ball 2-1: Ball 3-1: Foul Ball, location: 2F 3-2: Foul Ball, location: 2F 3-2: Foul Ball, location: 2F 3-2: Base on Balls
|
Batting: RHB José Molina
|
0-0: Foul Ball, location: 2F 0-1: Ball 1-1: Foul Ball, location: 2F 1-2: Strikes out swinging
|
Batting: RHB Väinö Tapaninen
|
0-0: Ball 1-0: Foul Ball, location: 2F 1-1: Called Strike 1-2: Ball 2-2: Foul Ball, location: 2F 2-2: Strikes out swinging
|
Batting: RHB Vinny Luna
|
0-0: Called Strike 0-1: Called Strike 0-2: Ball 1-2: Strikes out looking
|
Bottom of the 8th over - 0 runs, 0 hits, 0 errors, 1 left on base; California 6 - Minnesota 4 |
TOP OF THE 9TH |
California Angels batting - Pitching for Minnesota Twins : RHP Luis Sanchez
|
Pitching: RHP Travis Feind
|
|
Batting: LHB Micah Miller
|
0-0: Ball 1-0: Foul Ball, location: 2F 1-1: Foul Ball, location: 2F 1-2: Fly out, F9 (Flyball, 9D, EV 102.5 MPH)
|
Batting: RHB Alain Delhaye
|
0-0: Ball 1-0: SINGLE (Groundball, 56, EV 105.6 MPH)
|
Batting: SHB Aldo Questi
|
0-0: Ball 1-0: Ball 2-0: Foul Ball, location: 2F 2-1: Foul Ball, location: 2F 2-2: Ball 3-2: Fly out, F7 (Flyball, 78S, EV 87.5 MPH)
|
Batting: RHB Preston Deakyne
|
0-0: Ball 1-0: Ball 2-0: Called Strike Alain Delhaye steals 2nd, throwing error, E2 Alain Delhaye to third 2-1: SINGLE (Groundball, 6M, EV 103.1 MPH) (infield hit) Alain Delhaye scores
|
Batting: RHB Dietmar Warmisch
|
0-0: Called Strike 0-1: Ball 1-1: Foul Ball, location: 2F 1-2: Ball Preston Deakyne is caught stealing 2nd base 2-4
|
Top of the 9th over - 1 run, 2 hits, 1 error, 0 left on base; California 7 - Minnesota 4 |
BOTTOM OF THE 9TH |
Minnesota Twins batting - Pitching for California Angels : RHP Barney Pederson
|
Pitching: RHP Joe Beam
|
|
Batting: RHB Yonetoshi Muranaka
|
0-0: Ball 1-0: Ball 2-0: Swinging Strike 2-1: Ball 3-1: Ground out 6-3 (Groundball, 6, EV 84.4 MPH)
|
Batting: LHB Joel Kunkler
|
0-0: Called Strike 0-1: Foul Ball, location: 2F 0-2: Ground out 6-3 (Groundball, 6, EV 81.9 MPH)
|
Batting: RHB Jared McClernon
|
0-0: Called Strike 0-1: Ball 1-1: Called Strike 1-2: Foul Ball, location: 2F 1-2: Strikes out swinging
|
Bottom of the 9th over - 0 runs, 0 hits, 0 errors, 0 left on base; California 7 - Minnesota 4 |
|